 Dungeon Crawl Stone Soup version 0.27.1-34-g3ba077fa99 (webtiles) character file.

Game seed: 13094159226784544907

108 pkoi the Insei (level 4, -1/38 HPs)
             Began as a Draconian Monk on Jan 4, 2022.
             Slain by an orc wizard (4 damage)
             ... on level 3 of the Dungeon.
             The game lasted 00:03:17 (1872 turns).

pkoi the Insei (Draconian Monk)                     Turns: 1872, Time: 00:03:18

Health: -1/38      AC:  5    Str: 13    XL:     4   Next: 58%
Magic:  4/4        EV: 12    Int: 11    God:
Gold:   63         SH:  0    Dex: 14    Spells: 3/3 levels left

rFire    . . .     SeeInvis .     - Unarmed
rCold    . . .     Faith    .   (no shield)
rNeg     . . .     Spirit   .   (armour unavailable)
rPois    .         Reflect  .   (helmet restricted)
rElec    .         Harm     .   (no cloak)
rCorr    .         Rampage  .   (no gloves)
Will     .....                  (no boots)
Stlth    ++........             (no amulet)
HPRegen  0.12/turn              (no ring)
MPRegen  0.09/turn              (no ring)

@: lethally poisoned (-1 -> -8)
A: AC +5, unfitting armour, cold-blooded
a: no special abilities


You were on level 3 of the Dungeon.
You visited 1 branch of the dungeon, and saw 3 of its levels.

You collected 63 gold pieces.

Inventory:

Missiles
 c - 41 poisoned darts (quivered)
Scrolls
 a - 2 scrolls of identify {unknown}
 b - a scroll of acquirement {unknown}
 d - a scroll of fear {unknown}
 f - a scroll of fog {unknown}


   Skills:
 - Level 3.2 Fighting
 - Level 2.6 Dodging
 - Level 1.7 Stealth
 + Level 5.4 Unarmed Combat


You had 3 spell levels left.
You didn't know any spells.
Your spell library was empty.

Dungeon Overview and Level Annotations

Branches:
Dungeon (3/15)

Altars:

Shops:
D:1 ?


Innate Abilities, Weirdness & Mutations

Your plain brown scales are hard. (AC +5)
You cannot fit into any form of body armour.
You are cold-blooded and may be slowed by cold attacks.


Message History

You are too injured to fight recklessly!
You are too injured to fight recklessly!
You are too injured to fight recklessly!
You are too injured to fight recklessly!
You are too injured to fight recklessly!
You are too injured to fight recklessly!
You are too injured to fight recklessly!
You are too injured to fight recklessly!
You are too injured to fight recklessly!
You are too injured to fight recklessly!
You are too injured to fight recklessly!
You are too injured to fight recklessly!
You are too injured to fight recklessly!
You are too injured to fight recklessly!
You are too injured to fight recklessly!
You closely miss the orc priest. You tail-slap the orc priest.
You kill the orc priest!
You barely miss something. You punch something. Something hits you.
You are poisoned.
You miss something.
You feel sick. Something hits you.
You are more poisoned.
Unknown command.
You feel very sick.
A magic dart appears from out of thin air!
The magic dart hits you.
* * * LOW HITPOINT WARNING * * *
It was a potion of curing.
You feel better.
You miss something. Something hits you.
* * * LOW HITPOINT WARNING * * *
You are poisoned.
You closely miss something.
You feel very sick.
You hear some strange, mumbled words.
A magic dart appears from out of thin air!
The magic dart hits you!
* * * LOW HITPOINT WARNING * * *
You miss something.
* * * LOW HITPOINT WARNING * * *
You feel sick. Something hits you.
You die...

### ..########
.............#
.#.............
.............
#....... .o.
#......###o#
###.......##{#
.......##..#@####..
#...##...........
#.......#.#####.#
#####....##.#.#
####......#.......
≈≈≈#..)...##.##..##
.#†##........##..#
#.≈#.............#
.≈≈##.........#..#


You could see 2 orcs.

Vanquished Creatures
  An orc priest (D:3)
  2 adders (D:2)
  A worm (D:3)
  4 dart slugs
  3 endoplasms
  2 giant cockroaches (D:1)
  5 goblins
  7 hobgoblins
  4 jackals (D:1)
  A quokka (D:1)
  4 ball pythons
  4 bats
  2 frilled lizards
  3 kobolds (D:1)
  5 rats (D:1)
48 creatures vanquished.

Notes
Turn   | Place    | Note
-------+----------+-------------------------------------------
     0 | D:1      | pkoi the Draconian Monk began the quest for the Orb.
     0 | D:1      | Reached XP level 1. HP: 19/19 MP: 1/1
   149 | D:1      | Reached XP level 2. HP: 21/26 MP: 2/2
   583 | D:1      | Found Baduv's Magic Scroll Boutique.
   703 | D:1      | Reached skill level 4 in Unarmed Combat
   846 | D:1      | Found a faded altar of an unknown god.
   961 | D:1      | Reached XP level 3. HP: 31/31 MP: 3/3
  1741 | D:3      | Reached XP level 4. HP: 34/38 MP: 4/4
  1747 | D:3      | Reached skill level 5 in Unarmed Combat
  1872 | D:3      | Slain by an orc wizard

Illustrated notes

Levels and vault maps discovered:
D:1:      dpeg_arrival_solitude, layout_loops_cross,
          shapermc_ecumenical_altar_hornbeckon, serial_shops, shop_statue
D:2:      layout_rooms
D:3:      layout_rooms, okawaru_ov_weapons_minmay, kennysheep_generic_room_14

Skill      XL: |  1  2  3  4 |
---------------+-------------+-----
Unarmed Combat | 4 5 |  5.4
Fighting       | |  3.2
Dodging        | |  2.6
Stealth        | |  1.7

Action                   |  1- 3 |  4- 6 || total
-------------------------+-------+-------++-------
Melee: Unarmed           |   159 |    24 ||   183
       Tailslap          |    12 |     6 ||    18
       Punch             |     4 |     2 ||     6
  Use: Potion            |       |     1 ||     1
 Stab: Sleeping          |     7 |       ||     7
Armor: Skin              |    42 |     4 ||    46
Dodge: Dodged            |    91 |     6 ||    97
